 Dungeon Crawl Stone Soup version 0.31-a0-844-gdc52ec4e09 (webtiles) character file.

Game seed: 13232433131427191168

477478 Essalna the Cryomancer (level 24, -4/168 HPs)
             Began as a Gargoyle Earth Elementalist on Sept 28, 2023.
             Was the Champion of Vehumet.
             Hit by a large rock thrown by a stone giant (19 damage)
             ... on level 5 of the Vaults on Sept 29, 2023.
             The game lasted 03:41:16 (50262 turns).

Essalna the Cryomancer (GrEE)                      Turns: 50262, Time: 03:41:17

Health: -4/168     AC: 35    Str: 20    XL:     24   Next: 79%
Magic:  12/38      EV: 14    Int: 31    God:    Vehumet [******]
Gold:   6106       SH: 15    Dex: 16    Spells: 4/45 levels left

rFire   + + .        h - staff of fire
rCold   + . .        R - +1 kite shield {AC+3}
rNeg    + + +        M - +1 troll leather armour
rPois   ∞            G - +1 hat of Noon {Fly Int+3}
rElec   +            w - scarf of Absence {rC+ rF+, Fly rElec rN+++ Dex+2}
rCorr   +            y - +2 pair of gloves "Xammylog" {rCorr Str+3 Dex+4}
SInv    +            k - +0 pair of boots {Fly}
Will    +....        L - amulet of magic regeneration
Stlth   ++           Z - ring "Juzar" {Str+3 Int+2 SInv}
HPRegen 1.28/turn    B - +4 ring of protection
MPRegen 0.66/turn

%: no passive effects
@: in a vortex, flying
A: sickness immunity, AC +18, big wings, negative energy resistance 1,
electricity resistance, torment resistance 1, petrification resistance
}: 2/15 runes: decaying, gossamer
a: Renounce Religion


You were on level 5 of the Vaults.
You worshipped Vehumet.
Vehumet was exalted by your worship.
You visited 10 branches of the dungeon, and saw 43 of its levels.
You visited the Abyss 1 time.
You also visited: Sewer, Gauntlet and Desolation.

You collected 7761 gold pieces.
You spent 1655 gold pieces at shops.

Inventory:

Armour
 k - a +0 pair of boots of flying (worn)
 w - the scarf of Absence (worn) {rC+ rF+, Fly rElec rN+++ Dex+2}
   (You acquired it on level 2 of the Lair of Beasts)

   Dex+2:     It affects your dexterity (+2).
   rElec:     It insulates you from electricity.
   rN+++:     It renders you almost immune to negative energy.
   Fly:       It grants you flight.
 y - the +2 pair of gloves "Xammylog" (worn) {rCorr Str+3 Dex+4}
   (You found it on level 3 of the Elven Halls)

   Str+3:     It affects your strength (+3).
   Dex+4:     It affects your dexterity (+4).
   rCorr:     It protects you from acid and corrosion.
 G - the +1 hat of Noon (worn) {Fly Int+3}
   (You bought it in a shop on level 2 of the Orcish Mines)

   Int+3:     It affects your intelligence (+3).
   Fly:       It grants you flight.
 M - a +1 troll leather armour (worn)
 R - a +1 kite shield of protection (worn)
Magical Staves
 a - a staff of cold
 h - a staff of fire (weapon)
 F - a staff of earth
 P - the staff "Jetwuczua" {rN+ Int+3 Conj}
   (You acquired it on level 4 of the Vaults)

   [staff of conjuration]

   Base accuracy: +5 Base damage: 5 Base attack delay: 1.2 This weapon's minimum
   attack delay (0.6) is reached at skill level 12.
   Int+3:     It affects your intelligence (+3).
   rN+:       It protects you from negative energy.
   Conj:      It increases the power of your Conjurations spells.
   It falls into the 'Staves' category.
   It is a one-handed weapon.
Jewellery
 g - the amulet of Iryapt {Acrobat Rampage Will+ rCorr Int+4}
   (You found it in the Desolation of Salt)

   [amulet of the acrobat]

   Acrobat:   It increases your evasion while moving and waiting.
   Int+4:     It affects your intelligence (+4).
   Will+:     It increases your willpower.
   rCorr:     It protects you from acid and corrosion.
   Rampage:   It bestows one free step when moving towards enemies.
 o - an amulet of regeneration
 q - a +4 ring of protection
 B - a +4 ring of protection (right hand)
 I - the ring of Hiun {Wiz *Slow +Blink rC+ Dex+2}
   (You found it on level 3 of the Elven Halls)

   [ring of wizardry]

   Wiz:       It improves your spell success rate.
   Dex+2:     It affects your dexterity (+2).
   rC+:       It protects you from cold.
   +Blink:    It lets you blink.
   *Slow:     It may slow you when you take damage.
 L - an amulet of magic regeneration (around neck)
 S - a +5 ring of evasion
 V - the ring "Ymaurar" {Fire rElec rCorr Dex-3 Slay-4}
   (You found it on level 2 of the Lair of Beasts)

   [ring of fire]

   Fire:      It enhances your fire magic.
   Dex-3:     It affects your dexterity (-3).
   Slay-4:    It affects your accuracy & damage with ranged weapons and melee
   (-4).
   rF+:       It protects you from fire.
   rC-:       It makes you vulnerable to cold.
   rElec:     It insulates you from electricity.
   rCorr:     It protects you from acid and corrosion.
 W - the ring of the Usurping Gods {rElec rPois Str+5}
   (You took it off a deep elf sorcerer on level 3 of the Elven Halls)

   [ring of poison resistance]

   Str+5:     It affects your strength (+5).
   rElec:     It insulates you from electricity.
   rPois:     It protects you from poison
 Y - the amulet of Elemental Vulnerability {rPois rF-- rC-- AC+8}
   (You found it in a Gauntlet)

   [amulet of nothing]

   AC+8:      It affects your AC (+8).
   rF--:      It makes you very vulnerable to fire.
   rC--:      It makes you very vulnerable to cold.
   rPois:     It protects you from poison
 Z - the ring "Juzar" (left hand) {Str+3 Int+2 SInv}
   (You found it in a Gauntlet)

   [ring of see invisible]

   Str+3:     It affects your strength (+3).
   Int+2:     It affects your intelligence (+2).
   SInv:      It lets you see invisible.
Talismans
 J - a talisman of death
Wands
 f - a wand of digging (20)
 n - a wand of acid (13)
 A - a wand of roots (54)
Scrolls
 b - 4 scrolls of immolation
 d - 21 scrolls of identify
 j - 6 scrolls of enchant armour
 l - 9 scrolls of blinking
 m - 21 scrolls of teleportation
 v - 5 scrolls of summoning
 x - 5 scrolls of fear
 C - 3 scrolls of brand weapon
 D - a scroll of torment
 E - 4 scrolls of amnesia
 N - 12 scrolls of fog
 T - a scroll of revelation
Potions
 c - 19 potions of curing
 e - 4 potions of lignification
 i - 3 potions of haste
 p - 4 potions of might
 r - a potion of resistance
 s - 7 potions of cancellation
 t - 7 potions of mutation
 u - 7 potions of brilliance
 z - 5 potions of ambrosia
 O - a potion of berserk rage
 Q - 5 potions of enlightenment
 U - 4 potions of heal wounds
 X - 4 potions of invisibility
Miscellaneous
 H - a phantom mirror
 K - a lightning rod (4/4)


   Skills:
 - Level 22.1 Fighting
 - Level 6.0 Armour
 - Level 6.0 Dodging
 - Level 2.1 Stealth
 - Level 17.0 Shields
 - Level 11.0 Spellcasting
 - Level 13.2 Conjurations
 - Level 6.0 Transmutations
 - Level 18.0 Fire Magic
 + Level 22.6 Ice Magic
 - Level 13.0 Earth Magic


You had 4 spell levels left.
You knew the following spells:

 Your Spells              Type           Power      Damage    Failure   Level
a - Sandblast             Erth           100%       2d20      0%          1
b - Ignition              Fire           57%        3d16      5%          8
c - Irradiate             Conj/Tmut      33%        3d22      1%          5
d - Bombard               Conj/Erth      39%        9d7       1%          6
e - Ozocubu's Refrigerat  Ice            51%        4d18      1%          7
f - Lee's Rapid Deconstr  Erth           39%        3d19*     1%          5
g - Polar Vortex          Ice            51%        12d6*     12%         9

Your spell library contained the following spells:

 Spells                   Type           Power      Damage    Failure   Level
 Chain Lightning          Conj/Air       27%        3d36      100%        9
 Foxfire                  Conj/Fire      100%       2x1d9     0%          1
 Magic Dart               Conj           100%       1d8       0%          1
 Hailstorm                Conj/Ice       91%        3d18      0%          3
 Ozocubu's Armour         Ice            100%       N/A       0%          3
 Momentum Strike          Conj/Tloc      100%       3d10      1%          2
 Passwall                 Tmut/Erth      55%        N/A       1%          2
 Searing Ray              Conj           100%       2d8       1%          2
 Static Discharge         Conj/Air       100%       2-7/arc   1%          2
 Wereblood                Tmut           53%        N/A       1%          2
 Dazzling Flash           Conj/Hex       100%       N/A       1%          3
 Inner Flame              Hex/Fire       83%        N/A       1%          3
 Stone Arrow              Conj/Erth      100%       3d13      1%          3
 Volatile Blastmotes      Fire/Tloc      100%       2d18      1%          3
 Brom's Barrelling Bould  Conj/Erth      78%        2d9       1%          4
 Fulminant Prism          Conj/Hex       27%        3d14      1%          4
 Iskenderun's Mystic Bla  Conj/Tloc      55%        2d12      1%          4
 Petrify                  Tmut/Erth      66%        N/A       1%          4
 Summon Ice Beast         Ice/Summ       72%        N/A       1%          4
 Animate Armour           Summ/Erth      100%       N/A       3%          4
 Leda's Liquefaction      Hex/Erth       27%        N/A       3%          4
 Necrotise                Necr           68%        1d7       4%          1
 Slow                     Hex            68%        N/A       4%          1
 Summon Small Mammal      Summ           68%        N/A       4%          1
 Blink                    Tloc           34%        N/A       8%          2
 Call Imp                 Summ           34%        N/A       8%          2
 Lesser Beckoning         Tloc           34%        N/A       8%          2
 Airstrike                Air            8%         2d(2-18)  13%         4
 Call Canine Familiar     Summ           17%        N/A       14%         3
 Confusing Touch          Hex            17%        N/A       14%         3
 Sigil of Binding         Hex            17%        N/A       14%         3
 Summon Guardian Golem    Hex/Summ       17%        N/A       14%         3
 Tukima's Dance           Hex            17%        N/A       14%         3
 Vampiric Draining        Necr           17%        2d7       14%         3
 Anguish                  Hex/Necr       8%         N/A       43%         4
 Animate Dead             Necr           17%        N/A       43%         4
 Cause Fear               Hex            8%         N/A       43%         4
 Manifold Assault         Tloc           17%        N/A       43%         4
 Passage of Golubria      Tloc           17%        N/A       43%         4
 Summon Lightning Spire   Summ/Air       17%        N/A       43%         4
 Fireball                 Conj/Fire      53%        3d21      1%          5
 Metabolic Englaciation   Hex/Ice        36%        N/A       1%          5
 Starburst                Conj/Fire      53%        6d14      1%          6
 Plasma Beam              Fire/Air       41%        2x1d55    5%          6
 Simulacrum               Ice/Necr       36%        N/A       7%          6
 Borgnjor's Vile Clutch   Necr/Erth      27%        N/A       10%         5
 Conjure Ball Lightning   Conj/Air       27%        3x3d8     13%         6
 Alistair's Intoxication  Tmut/Pois      23%        N/A       36%         5
 Lehudib's Crystal Spear  Conj/Erth      39%        10d10     36%         8
 Eringya's Noxious Bog    Tmut/Pois      17%        4d6       45%         6
 Agony                    Necr           17%        N/A       80%         5
 Silence                  Hex/Air        8%         N/A       80%         5
 Summon Forest            Summ/Tloc      8%         N/A       80%         5
 Summon Mana Viper        Hex/Summ       17%        N/A       80%         5
 Fire Storm               Conj/Fire      53%        8d14      87%         9
 Death Channel            Necr           8%         N/A       100%        6
 Summon Cactus Giant      Summ           8%         N/A       100%        6
 Enfeeble                 Hex            8%         N/A       100%        7
 Haunt                    Necr/Summ      8%         N/A       100%        7
 Summon Hydra             Summ           8%         N/A       100%        7
 Borgnjor's Revivificati  Necr           8%         N/A       100%        8
 Discord                  Hex            8%         N/A       100%        8
 Disjunction              Tloc           8%         N/A       100%        8
 Maxwell's Capacitive Co  Air            8%         ∞         100%        8
 Summon Horrible Things   Summ           8%         N/A       100%        8
 Cigotuvi's Dreadful Rot  Necr/Pois/Air  Unusable   N/A       N/A         2

Dungeon Overview and Level Annotations

Branches:
Dungeon (15/15)            Temple (1/1) D:4            Lair (5/5) D:8
  Swamp (4/4) Lair:3       Spider (4/4) Lair:2        Slime (0/5) Lair:5
    Orc (2/2) D:9             Elf (3/3) Orc:2        Vaults (5/5) D:13
  Crypt (3/3) Vaults:2       Tomb (0/3) Crypt:3      Depths (1/4) D:15
  Sewer (visited)         Desolation (visited)      Gauntlet (visited)

Altars:
Ashenzari
Cheibriados
Dithmenos
Elyvilon
Fedhas
Gozag
Hepliaklqana
Kikubaaqudgha
Makhleb
Nemelex Xobeh
Okawaru
Qazlal
Ru
Sif Muna
Trog
Uskayaw
Vehumet
Wu Jian
Xom
Yredelemnul
Zin
The Shining One
Jiyva

Shops:
D:4 *   D:9 *(   Orc:2 :=*[   Elf:3 ?   Vaults:2 ?

Portals:
Abyss: D:8 Depths:1
Trove: Elf:1 (show abyssal rune of Zot)

Annotations:
Swamp:1 2 transporters, DocSulfur's ghost, adept DEHu
Spider:4 2 transporters, Vitacs's ghost, adept DrIE
Elf:1 6 runed translucent doors
Vaults:5 Jory
Depths:1 Asterion


Innate Abilities, Weirdness & Mutations

You are immune to sickness and miasma.
Your stone body is resilient. (AC +18)
You are immune to poison.
Your large and strong wings let you fly.
You resist negative energy. (rN+)
You are resistant to electric shocks. (rElec)
You are resistant to unholy torment.
You are immune to petrification.


Message History

Unknown command.
Unknown command.
Casting: Bombard (mildly dangerous; 1% risk of failure)
Confirm with . or Enter, or press ? or * to list all spells.
A great freezing vortex appears around you.
Your surroundings suddenly seem different.
An ettin comes into view. It is wielding two +0 dire flails.
Found nine items.
You see here a scroll of immolation.
You are confused.
You feel invigorated. The ettin hits you but does no damage.
The ettin hits you with a +0 dire flail!!
* * * LOW HITPOINT WARNING * * *
You hear a shout!
A stone giant comes into view.
The winds around you calm down.
The stone giant shouts!
You feel less invigorated.
You feel less confused.
The ettin hits you with a +0 dire flail!!
* * * LOW HITPOINT WARNING * * *
You block the ettin's attack.
Okay, then.
Unknown command.
Okay, then.
Unknown command.
Unknown command.
Casting: Polar Vortex (dangerous; 12% risk of failure)
Confirm with . or Enter, or press ? or * to list all spells.
A great freezing vortex appears around you.
You hear a shout!
The ettin hits you with a +0 dire flail!
* * * LOW HITPOINT WARNING * * *
The ettin hits you with a +0 dire flail.
* * * LOW HITPOINT WARNING * * *
The stone giant hits you.
* * * LOW HITPOINT WARNING * * *
You hear a shout!
The stone giant throws a large rock.
The large rock hits you!!
You die...

## ##. . ##.. ..
##... ##... .
#.... .#....
#.....§####§§....
#..# ... #§§@C§§#
#..# #.[
#§§§§#§.# #..#
#... #§§C## .#
#..# #...!#§§##
#..# #......##
#..#
!..............
#..#
..####......###
#○.# ..#!...# ..
#D○# ... #...# ..
#○○#


You could see a stone giant and an ettin.

Vanquished Creatures
  2 dread liches (Vaults:5)
  Mennas (Vaults:3)
  Saint Roka (Orc:2)
  2 golden dragons (Vaults:5)
  Norris (Vaults:4)
  A hellephant (Depths:1)
  Zenata (Crypt:3)
  Jorgrun (D:15)
  A shard shrike skeleton (Crypt:2)
  A lich (Crypt:3)
  3 deep elf blademasters
  3 titans (Vaults:5)
  2 deep elf master archers (Elf:3)
  The ghost of leebro123 the Warrior, an adept DsSh of Jiyva (Swamp:4)
  An ancient champion (Crypt:1)
  2 sphinxes
  A tentacled starspawn (Abyss:3)
  A thorn hunter (Swamp:4)
  A storm dragon (Vaults:5)
  3 tengu reavers (Vaults:5)
  Roxanne (Elf:1)
  Agnes (Elf:1)
  Aizul (Depths:1)
  A fenstrider witch (Swamp:3)
  2 revenants (Crypt:3)
  3 frost giants
  9 deep elf sorcerers
  3 fire giants
  13 vault wardens
  2 deep elf elementalists (Elf:3)
  13 emperor scorpions
  3 imperial myrmidons (Desolation)
  8 ghost moths
  4 curse skulls
  A juggernaut zombie (Crypt:3)
  A caustic shrike zombie (Crypt:3)
  18 ironbound preservers
  4 ghouls (Crypt:3)
  A spriggan defender (Depths:1)
  2 reapers (Crypt:3)
  4 stone giants
  2 formless jellyfish
  7 ironbound thunderhulks
  An orc warlord (Vaults:1)
  16 vampire knights
  6 very ugly things
  2 broodmothers
  A war gargoyle (Vaults:5)
  8 deep elf demonologists
  6 deep elf annihilators
  Nessos (Orc:2)
  27 dire elephants
  2 halazid warlocks (Desolation)
  7 bunyips
  A minotaur (Gauntlet)
  A spark wasp (Spider:4)
  Azrael (Spider:3)
  6 eleionomae
  The ghost of Dahifo the Grappler, a journeyman TrMo of Hepliaklqana (D:13)
  11 deep elf death magi
  3 eidola
  Josephine (Lair:2)
  4 crystal guardians
  A quicksilver dragon zombie (Crypt:3)
  11 jiangshi
  2 deep elf high priests
  11 yaktaur captains
  9 entropy weavers
  2 great orbs of eyes
  7 ragged hierophants (Desolation)
  28 vault guards
  2 servants of whispers (Desolation)
  33 hydras
  Harold (Lair:2)
  5 spriggan zombies
  10 boulder beetles
  3 jorogumos
  3 ghost crabs
  13 peacekeepers
  2 catoblepae
  8 two-headed ogres
  7 death knights
  7 ironbound frosthearts
  3 ogre magi
  4 radroaches
  5 alligators
  4 centaur warriors
  7 tengu warriors
  2 deep troll shamans
  10 demonic crawlers
  34 dancing weapons
  15 death yaks
  Urug (Lair:4)
  3 thrashing horrors (Abyss:3)
  2 deep troll earth magi (Depths:1)
  14 vampire magi
  An orc high priest (Orc:2)
  2 storm dragon zombies
  24 deep elf knights
  5 spriggans
  The ghost of Mindmass the Destroyer, a novice HuCj of Sif Muna (D:8)
  2 soul eaters
  8 pharaoh ants
  5 skysharks
  A spectral death yak (Lair:3)
  2 sun moths
  A bunyip zombie (Crypt:1)
  13 skeletal warriors
  Lodul (D:10)
  8 goliath frogs
  4 iron trolls (Depths:1)
  3 spriggan druids
  2 golden dragon zombies (Crypt:3)
  33 deep trolls
  9 orb spiders
  An anaconda zombie (Crypt:3)
  3 flayed ghosts
  7 steelbarb worms
  Pikel (D:6)
  6 lindwurms
  3 glowing orange brains
  7 swamp dragons (Swamp:4)
  2 spriggan simulacra
  17 deep elf archers
  24 ironbound convokers
  2 bog bodies
  6 necromancers
  A bunyip skeleton (Crypt:3)
  The ghost of Ivernyr the Cudgeller, a novice VSGl (D:7)
  8 phantasmal warriors
  29 deep elf pyromancers
  6 orc knights
  6 wizards
  29 wolf spiders
  6 oklob plants
  A mana viper (shapeshifter) (Vaults:5)
  6 orc sorcerers
  2 moths of wrath
  38 deep elf zephyrmancers
  13 elephants
  An ice statue (Gauntlet)
  2 stone giant zombies (Crypt:3)
  A goliath frog skeleton (Crypt:2)
  6 will-o-the-wisps
  5 cyclopes
  A guardian serpent (shapeshifter) (D:15)
  A toenail golem (D:8)
  3 centaur zombies
  19 ugly things
  A naga zombie (Crypt:1)
  An alligator skeleton (Crypt:2)
  Joseph (D:8)
  A stone giant skeleton (Crypt:2)
  12 vault sentinels
  2 guardian serpents (Desolation)
  3 manticores
  A black mamba (Lair:4)
  2 water nymphs (Swamp:4)
  A dire elephant zombie (Crypt:3)
  A naga mage (D:15)
  A molten gargoyle (Desolation)
  An apocalypse crab (Abyss:3)
  An orc skeleton (Crypt:1)
  A gargoyle (D:11)
  An alligator snapping turtle zombie (Crypt:3)
  5 torpor snails
  12 cane toads
  A smoke demon (Abyss:3)
  A centaur skeleton (D:15)
  3 rime drakes
  8 komodo dragons
  3 unseen horrors
  34 yaktaurs
  A kobold demonologist (D:12)
  A grey draconian skeleton (Crypt:2)
  A rime drake (shapeshifter) (D:13)
  5 freezing wraiths
  2 tengu conjurers
  A yellow draconian skeleton (Crypt:2)
  A sea snake skeleton (Crypt:2)
  2 harpy zombies
  3 ancient zymes
  6 trolls
  A white draconian skeleton (Crypt:1)
  A black draconian skeleton (Crypt:2)
  3 meliai (D:13)
  8 tyrant leeches
  3 bloated husks
  A queen bee (D:13)
  5 hornets
  4 polar bears
  2 raiju
  51 saltlings (Desolation)
  3 blink frogs (Abyss:3)
  39 tarantellas
  A great orb of eyes zombie (Crypt:3)
  Prince Ribbit (D:7)
  A spectral elephant (Lair:3)
  A hydra skeleton (Crypt:1)
  25 slime creatures
  31 jumping spiders
  26 culicivoras
  A fire dragon zombie (Crypt:1)
  17 vampires
  A centaur simulacrum (D:15)
  10 wraiths
  A ynoxinul (Abyss:3)
  2 air elementals (Elf:2)
  48 yaks
  An ettin skeleton (Crypt:2)
  4 basilisks
  A hog (shapeshifter) (Vaults:5)
  2 wyverns
  A water elemental (Depths:1)
  2 basilisks (shapeshifter)
  6 fire elementals
  A neqoxec (Abyss:3)
  A chaos spawn (Abyss:3)
  Grum (D:8)
  57 redbacks
  9 wargs
  Menkaure (D:7)
  10 vampire mosquitoes
  A steam dragon (D:7)
  14 swamp worms
  A water moccasin (shapeshifter) (D:15)
  An acid dragon (Gauntlet)
  A two-headed ogre skeleton (Crypt:3)
  11 water moccasins
  3 hell hounds
  33 orc warriors
  An elephant zombie (Crypt:2)
  13 swamp drakes
  A dream sheep zombie (Crypt:2)
  A hornet zombie (Crypt:1)
  2 sky beasts (D:7)
  3 black bears
  An ice beast (D:7)
  5 centaurs
  18 ogres
  A snapping turtle skeleton (Crypt:3)
  33 wolves
  A hog zombie (Crypt:3)
  5 starcursed masses (Abyss:3)
  A phantom (D:4)
  5 kobold brigands
  A spectral basilisk (Lair:3)
  9 bullfrogs
  A spectral wyvern (Lair:3)
  2 gnoll sergeants
  A necrophage (Crypt:3)
  4 scorpions
  12 wights
  A cyclops skeleton (Crypt:3)
  A polar bear skeleton (Crypt:3)
  24 killer bees
  4 electric eels
  4 howler monkeys
  A quasit (Abyss:3)
  3 small abominations
  3 hounds
  A jelly (D:5)
  36 orc priests
  An iron imp (D:5)
  A boggart zombie (Crypt:3)
  3 iguanas
  3 sleepcaps
  Natasha (thrice) (D:2)
  A lightning spire (Gauntlet)
  38 orc wizards
  A hell rat (Sewer)
  A howler monkey zombie (Crypt:1)
  10 gnolls
  13 adders
  5 river rats
  2 shadow imps (Gauntlet)
  2 white imps
  2 worms
  2 dart slugs
  81 orcs
  8 ball pythons
  A bat zombie (Crypt:2)
  10 endoplasms
  2 giant cockroaches (D:1)
  3 hobgoblins
  4 jackals (D:3)
  26 kobolds
  8 quokkas
  4 bats
  2 frilled lizards
  A frilled lizard skeleton (Crypt:1)
  8 goblins
  A kobold skeleton (Crypt:1)
  A kobold zombie (Crypt:1)
  11 rats
  A rat skeleton (Crypt:1)
  A starspawn tentacle (Abyss:3)
1928 creatures vanquished.

Vanquished Creatures (others)
  A death yak (Lair:5)
  4 deep elf knights
  A deep elf pyromancer (Elf:1)
  An orc (Elf:1)
  12 foxfires
  A starspawn tentacle (Abyss:3)
20 creatures vanquished.

Grand Total: 1948 creatures vanquished

Notes
Turn   | Place    | Note
-------+----------+-------------------------------------------
     0 | D:1      | Essalna the Gargoyle Earth Elementalist began the quest for
                  | the Orb.
     0 | D:1      | Reached XP level 1. HP: 10/10 MP: 3/3
   137 | D:1      | Reached skill level 1 in Transmutations
   249 | D:1      | Reached XP level 2. HP: 15/15 MP: 1/5
   828 | D:2      | Reached XP level 3. HP: 19/19 MP: 4/6
   888 | D:2      | Noticed Natasha
   893 | D:2      | Killed Natasha
   996 | D:2      | Reached XP level 4. HP: 15/24 MP: 2/8
  1631 | D:2      | Noticed Natasha
  1632 | D:2      | Killed Natasha
  1633 | D:2      | Reached XP level 5. HP: 28/28 MP: 7/9
  1841 | D:2      | Noticed Natasha
  1844 | D:2      | Killed Natasha
  1845 | D:2      | Reached skill level 5 in Earth Magic
  2039 | D:3      | Learned a level 3 spell: Stone Arrow
  2459 | D:3      | Found an ornate altar of the Wu Jian Council.
  2618 | D:4      | Reached skill level 1 in Fighting
  2618 | D:4      | Reached skill level 1 in Conjurations
  2618 | D:4      | Reached XP level 6. HP: 34/34 MP: 7/11
  2852 | D:4      | Found a glowing silver altar of Zin.
  2852 | D:4      | Found Zin's Purification Station.
  3127 | D:4      | Reached XP level 7. HP: 40/40 MP: 9/13
  3217 | D:4      | Found a staircase to the Ecumenical Temple.
  3279 | Temple   | Entered the Ecumenical Temple
  3296 | Temple   | Became a worshipper of Vehumet
  3591 | D:5      | Entered Level 5 of the Dungeon
  3671 | D:5      | Found a glowing drain.
  3682 | Sewer    | Entered a sewer
  3940 | D:5      | Reached * piety under Vehumet
  3940 | D:5      | Offered knowledge of Magic Dart by Vehumet.
  4081 | D:5      | Found a burning altar of Makhleb.
  4244 | D:5      | Reached XP level 8. HP: 31/48 MP: 12/15
  4340 | D:5      | Found a shimmering blue altar of Sif Muna.
  4413 | D:5      | Found a snail-covered altar of Cheibriados.
  4565 | D:6      | Found a shimmering altar of Xom.
  4567 | D:6      | Found a blossoming altar of Fedhas.
  4623 | D:6      | Reached skill level 1 in Shields
  4623 | D:6      | Reached skill level 5 in Spellcasting
  4675 | D:6      | Noticed Pikel
  4682 | D:6      | Killed Pikel
  4683 | D:6      | Reached skill level 5 in Fighting
  4704 | D:6      | Reached skill level 5 in Conjurations
  4957 | D:6      | Found an iron altar of Okawaru.
  4961 | D:6      | Reached XP level 9. HP: 54/54 MP: 13/16
  5461 | D:7      | Reached skill level 1 in Armour
  5522 | D:7      | Noticed Prince Ribbit
  5525 | D:7      | Killed Prince Ribbit
  5525 | D:7      | Reached ** piety under Vehumet
  5525 | D:7      | Offered knowledge of Poisonous Vapours by Vehumet.
  5566 | D:7      | Noticed Menkaure
  5570 | D:7      | Killed Menkaure
  5858 | D:7      | Found a runed translucent door.
  5861 | D:7      | Noticed Ivernyr's ghost (novice VSGl)
  5871 | D:7      | Killed Ivernyr's ghost
  6006 | D:8      | Reached XP level 10. HP: 61/61 MP: 15/17
  6159 | D:8      | Found a staircase to the Lair.
  6266 | D:8      | Noticed Joseph
  6277 | D:8      | Killed Joseph
  6279 | D:8      | Offered knowledge of Scorch by Vehumet.
  6412 | D:8      | Noticed Grum
  6443 | D:8      | Killed Grum
  6448 | D:8      | Reached *** piety under Vehumet
  6449 | D:8      | Reached skill level 10 in Earth Magic
  6618 | D:8      | Found a transporter.
  6634 | D:8      | Noticed a toenail golem
  6657 | D:8      | Found a one-way gate to the infinite horrors of the Abyss.
  6657 | D:8      | Noticed Mindmass's ghost (novice HuCj)
  6740 | D:8      | Found a transporter.
  6879 | D:9      | Offered knowledge of Dazzling Flash by Vehumet.
  6880 | D:9      | Reached skill level 5 in Armour
  7091 | D:9      | Reached XP level 11. HP: 68/68 MP: 15/18
  7107 | D:9      | Found Ceyrgh's Firing Range.
  7124 | D:9      | Noticed a two-headed ogre
  7138 | D:9      | Killed a two-headed ogre
  7208 | D:9      | Reached **** piety under Vehumet
  7417 | D:9      | Found a staircase to the Orcish Mines.
  7579 | D:9      | Offered knowledge of Arcjolt by Vehumet.
  7892 | D:9      | Found Aheydasm's Assorted Antiques.
  7900 | D:9      | Bought an iridescent dagger for 140 gold pieces
  7900 | D:9      | Identified the +11 dagger of Sharkskin {holy, Dex+3} (You
                  | bought it in a shop on level 9 of the Dungeon)
  8001 | D:9      | Found an ancient bone altar of Kikubaaqudgha.
  8024 | D:10     | Entered Level 10 of the Dungeon
  8028 | D:10     | Noticed a two-headed ogre
  8035 | D:10     | Noticed a deep elf pyromancer
  8190 | D:10     | Reached skill level 5 in Dodging
  8242 | D:10     | Noticed a tengu warrior
  8247 | D:10     | Killed a tengu warrior
  8348 | D:10     | Found a sacrificial altar of Ru.
  8399 | D:10     | Killed a deep elf pyromancer
  8466 | D:10     | Noticed a white ugly thing
  8470 | D:10     | Killed a white ugly thing
  8644 | D:10     | Killed a two-headed ogre
  8711 | D:10     | Got an inconspicuous book
  8715 | D:10     | Noticed a tengu warrior
  8716 | D:10     | Noticed a tengu warrior
  8757 | D:9      | Killed a tengu warrior
  8758 | D:9      | Reached XP level 12. HP: 45/76 MP: 2/19
  8967 | D:10     | Killed a tengu warrior
  9205 | D:10     | Noticed Lodul
  9212 | D:10     | Killed Lodul
  9353 | D:10     | Reached skill level 10 in Conjurations
  9843 | Orc:1    | Entered Level 1 of the Orcish Mines
  9855 | D:9      | Reached skill level 10 in Fighting
  9855 | D:9      | Reached ***** piety under Vehumet
  9889 | Orc:1    | Offered knowledge of Plasma Beam by Vehumet.
 10026 | Orc:1    | Reached skill level 5 in Shields
 10245 | Orc:2    | Entered Level 2 of the Orcish Mines
 10478 | Orc:2    | Paralysed by an orc sorcerer for 5 turns
 10479 | Orc:2    | Noticed a soul eater
 10680 | Orc:2    | Found a staircase to the Elven Halls.
 10881 | Orc:2    | Learned a level 5 spell: Irradiate
 10920 | Orc:2    | Noticed an orc high priest
 10925 | Orc:2    | Killed an orc high priest
 11208 | Orc:2    | Reached XP level 13. HP: 73/84 MP: 18/20
 11271 | Orc:2    | Noticed Nessos
 11277 | Orc:2    | Killed Nessos
 11334 | Orc:2    | Offered knowledge of Spellforged Servitor by Vehumet.
 11359 | Orc:2    | Noticed Saint Roka
 11595 | Orc:2    | Found Nexotze's General Store.
 11595 | Orc:2    | Found Pucos's Book Shop.
 11596 | Orc:2    | Found Oble's Jewellery Shop.
 11600 | Orc:2    | Found Unaging's Armour Boutique.
 11881 | Lair:1   | Entered Level 1 of the Lair of Beasts
 12108 | Lair:1   | HP: 4/84 [elephant (13)]
 12770 | Lair:2   | Identified a scroll of acquirement
 12770 | Lair:2   | Acquired the scarf of Absence {rC+ rF+, Fly rElec rN+++
                  | Dex+2}
 12941 | Lair:2   | Found a hole to the Spider Nest.
 12959 | Lair:2   | Identified the ring "Ymaurar" {Fire rElec rCorr Dex-3
                  | Slay-4}
 13021 | Lair:2   | Noticed Harold
 13032 | Lair:2   | Killed Harold
 13104 | Lair:2   | Found a gate leading to a gauntlet.
 13113 | Gauntlet | Entered a Gauntlet
 13113 | Gauntlet | Found a transporter.
 13124 | Gauntlet | Found a transporter.
 13125 | Gauntlet | Found a transporter.
 13137 | Gauntlet | Found a transporter.
 13138 | Gauntlet | Found the amulet of Elemental Vulnerability {rPois rF--
                  | rC-- AC+8}
 13145 | Gauntlet | Found a transporter.
 13149 | Gauntlet | Found a transporter.
 13160 | Gauntlet | Found a transporter.
 13161 | Gauntlet | Found a transporter.
 13172 | Gauntlet | Found a transporter.
 13200 | Gauntlet | Found a transporter.
 13204 | Gauntlet | Found a runed translucent door.
 13212 | Gauntlet | Found a transporter.
 13225 | Gauntlet | Found a transporter.
 13228 | Gauntlet | Found a transporter.
 13237 | Gauntlet | Found a transporter.
 13463 | Gauntlet | Reached skill level 5 in Transmutations
 13482 | Gauntlet | Identified the +1 helmet of Limited Liability {Rampage
                  | Str+3}
 13540 | Gauntlet | Gained mutation: Your large and strong wings let you fly.
                  | [Gargoyle growth]
 13540 | Gauntlet | Reached XP level 14. HP: 79/92 MP: 9/21
 13636 | Gauntlet | Identified the ring "Juzar" {Str+3 Int+2 SInv}
 13637 | Gauntlet | Got an engraved book
 14635 | Lair:3   | Found a staircase to the Swamp.
 14901 | Lair:3   | Found a blossoming altar of Fedhas.
 15313 | Lair:4   | Reached skill level 10 in Shields
 15763 | Lair:5   | Entered Level 5 of the Lair of Beasts
 15774 | Lair:4   | Offered knowledge of Bombard by Vehumet.
 15783 | Lair:4   | Learned a level 6 spell: Bombard
 15854 | Lair:5   | Noticed Urug
 15892 | Lair:4   | Killed Urug
 16331 | Lair:5   | Found a staircase to the Slime Pits.
 16474 | Lair:5   | Reached XP level 15. HP: 82/100 MP: 19/24
 16709 | Lair:5   | Learned a level 7 spell: Ozocubu's Refrigeration
 16752 | Lair:5   | Found a viscous altar of Jiyva.
 16928 | Lair:5   | Reached skill level 1 in Ice Magic
 17243 | Lair:4   | Offered knowledge of Lee's Rapid Deconstruction by Vehumet.
 17632 | Orc:2    | Killed Saint Roka
 17810 | Orc:2    | Bought the +1 hat of Noon {Fly Int+3} for 390 gold pieces
 17908 | Elf:1    | Entered Level 1 of the Elven Halls
 17966 | Elf:1    | Noticed a deep elf sorcerer
 17978 | Elf:1    | Killed a deep elf sorcerer
 18067 | Elf:1    | Reached ****** piety under Vehumet
 18104 | Elf:1    | Reached skill level 15 in Fighting
 18151 | Elf:1    | Noticed Roxanne
 18338 | Elf:1    | Reached skill level 5 in Ice Magic
 18559 | Elf:1    | Reached XP level 16. HP: 76/108 MP: 17/26
 18573 | Elf:1    | HP: 1/108 [something (12)]
 18701 | Elf:1    | Learned a level 5 spell: Lee's Rapid Deconstruction
 18823 | Elf:1    | Found a runed translucent gate.
 18823 | Elf:1    | Found a runed translucent gate.
 18823 | Elf:1    | Found a runed translucent gate.
 18823 | Elf:1    | Found a runed translucent gate.
 18823 | Elf:1    | Found a runed translucent gate.
 18825 | Elf:1    | Found a runed translucent gate.
 18825 | Elf:1    | Noticed a shadow dragon
 18825 | Elf:1    | Noticed a storm dragon
 19144 | Elf:1    | Noticed Agnes
 19151 | Elf:1    | Killed Agnes
 19416 | Elf:1    | Killed Roxanne
 19508 | Elf:1    | Found a portal to a secret trove of treasure.
 19688 | Elf:2    | Offered knowledge of Orb of Destruction by Vehumet.
 19874 | Elf:2    | Paralysed by an air elemental for 1 turns
 20046 | Elf:2    | Noticed an Executioner
 20266 | Elf:2    | Found a runed translucent gate.
 20267 | Elf:2    | Found a runed translucent gate.
 20267 | Elf:2    | Found a runed translucent gate.
 20566 | Elf:3    | Entered Level 3 of the Elven Halls
 20645 | Elf:3    | Reached XP level 17. HP: 114/116 MP: 25/28
 20797 | Elf:2    | Noticed a deep elf blademaster
 20800 | Elf:2    | Killed a deep elf blademaster
 21366 | Elf:3    | Reached skill level 15 in Shields
 21652 | Elf:3    | Found Keuceng's Magic Scroll Shoppe.
 21660 | Elf:3    | Bought a scroll of acquirement for 936 gold pieces
 21660 | Elf:3    | Acquired 847 gold pieces
 21939 | Elf:3    | Offered knowledge of Freezing Cloud by Vehumet.
 21942 | Abyss:3  | Cast into level 3 of the Abyss (a deep elf sorcerer)
 22004 | Abyss:3  | Noticed a bone dragon
 22218 | Abyss:3  | Noticed a tentacled starspawn
 22221 | Abyss:3  | Killed a tentacled starspawn
 22243 | Elf:3    | Escaped the Abyss
 22243 | Elf:3    | Noticed a deep elf blademaster
 22243 | Elf:3    | Noticed a deep elf blademaster
 22247 | Elf:3    | Killed a deep elf blademaster
 22252 | Elf:3    | Killed a deep elf blademaster
 22253 | Elf:3    | Reached skill level 10 in Ice Magic
 22289 | Elf:3    | Noticed a Hell Sentinel
 22332 | Elf:3    | Identified the +8 morningstar "Leit" {vamp, rElec rPois
                  | Str+3 Dex-4}
 22381 | Elf:3    | Noticed a deep elf master archer
 22383 | Elf:3    | Killed a deep elf master archer
 22386 | Elf:3    | Noticed a deep elf master archer
 22389 | Elf:3    | Killed a deep elf master archer
 22390 | Elf:3    | Reached XP level 18. HP: 73/124 MP: 6/31
 22510 | Elf:3    | Identified the +0 great mace "Kompaom" {flame, Str+2 Dex+2}
 22510 | Elf:3    | Identified the +0 robe "Foav" {rN+ Slay+2}
 22510 | Elf:3    | Identified the ring "Ustiudd" {Fly rPois AC+4 Str+3}
 22566 | Elf:3    | Identified the +6 trident of the Asp {vamp, rPois Will+}
 22566 | Elf:3    | Identified the ring of the Usurping Gods {rElec rPois
                  | Str+5}
 22681 | Elf:3    | Offered knowledge of Lehudib's Crystal Spear by Vehumet.
 22709 | Elf:3    | Identified the ring of Hiun {Wiz *Slow +Blink rC+ Dex+2}
 22724 | Elf:3    | Got an upside-down book
 22734 | Elf:3    | Identified the +2 pair of gloves "Xammylog" {rCorr Str+3
                  | Dex+4}
 22763 | Elf:3    | Got an unusual book
 22787 | Elf:3    | Identified the staff "Vumydas" {rC+ Will++ Ice}
 23078 | Swamp:1  | Entered Level 1 of the Swamp
 23431 | Swamp:1  | Found a transporter.
 23433 | Swamp:1  | Noticed DocSulfur's ghost (adept DEHu)
 23438 | Swamp:1  | Found a transporter.
 23708 | Swamp:1  | Reached skill level 10 in Spellcasting
 24847 | Swamp:3  | Paralysed by a fenstrider witch for 3 turns
 25105 | Swamp:3  | Offered knowledge of Chain Lightning by Vehumet.
 25105 | Swamp:3  | Offered knowledge of Ignition by Vehumet.
 25105 | Swamp:3  | Offered knowledge of Maxwell's Capacitive Coupling by
                  | Vehumet.
 25462 | Swamp:4  | Entered Level 4 of the Swamp
 25483 | Swamp:4  | Found a runed translucent gate.
 26129 | Swamp:4  | Learned a level 8 spell: Ignition
 26221 | Swamp:4  | Reached skill level 1 in Fire Magic
 26261 | Swamp:4  | Reached XP level 19. HP: 132/132 MP: 22/33
 26624 | Swamp:4  | Got a decaying rune of Zot
 26706 | Swamp:4  | Found a runed translucent gate.
 26706 | Swamp:4  | Found a runed translucent gate.
 26706 | Swamp:4  | Noticed leebro123's ghost (adept DsSh)
 26793 | Swamp:4  | Killed leebro123's ghost
 27120 | Spider:1 | Entered Level 1 of the Spider Nest
 27200 | Spider:1 | Reached skill level 5 in Fire Magic
 27263 | Spider:1 | Noticed Josephine
 27444 | Lair:2   | Killed Josephine
 29235 | Spider:3 | Noticed Azrael
 29290 | Spider:3 | Killed Azrael
 29291 | Spider:3 | Reached skill level 10 in Fire Magic
 30328 | Spider:4 | Entered Level 4 of the Spider Nest
 30471 | Spider:4 | Reached XP level 20. HP: 139/139 MP: 35/35
 31190 | Spider:4 | Found a transporter.
 31550 | Spider:4 | Found a transporter.
 31555 | Spider:4 | Noticed Vitacs's ghost (adept DrIE)
 32450 | Spider:4 | Got a gossamer rune of Zot
 32854 | D:8      | Killed Mindmass's ghost
 32855 | D:8      | Reached skill level 15 in Fire Magic
 34539 | D:13     | Found a gate to the Vaults.
 34582 | D:13     | Identified the ring of Pride {rN+ Str+5}
 34785 | D:13     | Found a large runed translucent door.
 34785 | D:13     | Found a large runed translucent door.
 34788 | D:13     | Noticed Dahifo's ghost (journeyman TrMo)
 35007 | D:13     | Killed Dahifo's ghost
 35054 | D:13     | Got a levitating book
 35150 | D:14     | Found a shimmering altar of Xom.
 36128 | D:15     | Entered Level 15 of the Dungeon
 36288 | D:15     | Found a stormy altar of Qazlal.
 36409 | D:15     | Noticed Jorgrun
 36420 | D:15     | Killed Jorgrun
 36744 | D:15     | Reached XP level 21. HP: 143/144 MP: 26/36
 36911 | D:15     | Found a staircase to the Depths.
 37021 | Depths:1 | Entered Level 1 of the Depths
 37803 | Depths:1 | Noticed Aizul
 37809 | Depths:1 | Killed Aizul
 38160 | Depths:1 | Noticed Asterion
 38298 | Vaults:1 | Entered Level 1 of the Vaults
 40120 | Vaults:2 | Found a crumbling gateway.
 40134 | Desolati | Entered the Desolation of Salt
 40185 | Desolati | Reached XP level 22. HP: 74/152 MP: 21/37
 40187 | Desolati | Identified the amulet of Xeyhudgh {Reflect rF+ MP+9 Int-5
                  | Dex+3 SH+5}
 40189 | Desolati | Identified the amulet of Iryapt {Acrobat Rampage Will+
                  | rCorr Int+4}
 40282 | Desolati | Identified the +0 spear of Folowuo {heavy, rCorr}
 40297 | Desolati | Identified the amulet "Repseesi" {Acrobat rPois rF- rN++
                  | Regen+}
 40369 | Desolati | Identified the ring of Res Nullius {Str+6 SInv}
 40533 | Desolati | Got an upside-down book
 40537 | Desolati | Got a strange book
 40541 | Desolati | Identified the +8 long sword "Foezeowa" {antimagic, Str+3}
 40546 | Desolati | Identified the +0 plate armour of Jigsaw {Int+3}
 40553 | Desolati | Identified the amulet "Plog" {Faith *Corrode +Blink rF-
                  | Will+++}
 40581 | Desolati | Got a mumbling book
 40583 | Desolati | Got a mumbling book
 41626 | Vaults:2 | Found Neynt's Magic Scroll Shop.
 41629 | Vaults:2 | Bought a scroll of teleportation for 42 gold pieces
 41629 | Vaults:2 | Bought a scroll of blinking for 105 gold pieces
 41629 | Vaults:2 | Bought a scroll of teleportation for 42 gold pieces
 41835 | Vaults:2 | Found a staircase to the Crypt.
 41835 | Vaults:2 | Found an ancient bone altar of Kikubaaqudgha.
 41835 | Vaults:2 | Found a basalt altar of Yredelemnul.
 41935 | Vaults:2 | Reached skill level 15 in Ice Magic
 42420 | Vaults:3 | Noticed Mennas
 42455 | Crypt:1  | Entered Level 1 of the Crypt
 42567 | Crypt:1  | Paralysed by a vampire knight for 5 turns
 43085 | Crypt:1  | Paralysed by a vampire knight for 4 turns
 43095 | Crypt:1  | Paralysed by a vampire knight for 5 turns
 43698 | Crypt:2  | Reached XP level 23. HP: 156/162 MP: 22/38
 44154 | Crypt:2  | Identified the +1 ring mail of Duty {rElec rC++ Int-3
                  | Dex+4}
 44201 | Crypt:2  | Learned a level 9 spell: Polar Vortex
 44223 | Crypt:2  | Identified the +0 ring mail of the Hanged Man {Regen+}
 44647 | Crypt:3  | Entered Level 3 of the Crypt
 45161 | Crypt:3  | Identified the +1 robe "Veskes" {Int+3}
 45685 | Crypt:3  | Noticed Zenata
 45699 | Crypt:3  | Killed Zenata
 45823 | Crypt:3  | Found a staircase to the Tomb.
 46188 | Crypt:3  | Paralysed by a vampire knight for 4 turns
 46798 | Crypt:3  | Got an innocuous book
 48148 | Vaults:3 | Killed Mennas
 48334 | Vaults:3 | Identified the +6 battleaxe "Axay" {flame, *Noise rN+ Str+3
                  | Int+3}
 48707 | Vaults:4 | Noticed Norris
 48773 | Vaults:4 | Killed Norris
 49055 | Vaults:4 | Reached XP level 24. HP: 168/168 MP: 29/38
 49317 | Vaults:4 | Acquired 960 gold pieces
 49480 | Vaults:4 | Acquired the staff "Jetwuczua" {rN+ Int+3 Conj}
 50150 | Vaults:5 | Entered Level 5 of the Vaults
 50152 | Vaults:5 | Noticed a dread lich
 50155 | Vaults:5 | Paralysed by a dread lich for 4 turns
 50161 | Vaults:5 | Paralysed by a dread lich for 4 turns
 50200 | Vaults:5 | Noticed a dread lich
 50200 | Vaults:5 | Paralysed by a dread lich for 2 turns
 50202 | Vaults:5 | Killed a dread lich
 50207 | Vaults:5 | Killed a dread lich
 50232 | Vaults:5 | Noticed Jory
 50262 | Vaults:5 | Hit by a large rock thrown by a stone giant

Illustrated notes

Levels and vault maps discovered:
D:1:      onia_arrival_mini_maze, layout_basic, minmay_statues_item
D:2:      layout_loops_cross, skrybe_limestone_x,
          chequers_serial_rivers_large_b, st_stairs_3, uniq_natasha
D:3:      layout_loops_ring, nicolae_wu_jian_glorious_leap
D:4:      layout_loops_cross, zin_purify, minmay_temple_entry_statues
D:5:      layout_basic, led_sif_book, slow_altar_2, overflow_temple_1_default,
          portal_sewer_entry_b, chequers_serial_rivers_room_b
D:6:      layout_basic, lemuel_round_altar,
          chequers_temple_overflow_statue_of_worship,
          nicolae_figureground_pulse, uniq_pikel
D:7:      layout_loops_ring, ebering_ghost_reflecting_pool, dk_noncrumbling_2,
          uniq_menkaure, uniq_prince_ribbit1
D:8:      layout_rooms, erik_lair_orcish_takeover,
          gammafunk_ghost_abyssal_escape, uniq_grum, uniq_joseph
D:9:      layout_small_grid, lemuel_coloured_pillars_altar, david_orc_1_choice,
          serial_shops, nicolae_stop_n_shop_2, nicolae_shop_firing_range
D:10:     layout_stronghold, nicolae_ru_awakened_eye, serial_bayou,
          serial_bayou_pond_d, serial_bayou_pond_b, serial_bayou_pond_e,
          serial_bayou_ford_a, minmay_radiant, uniq_lodul
D:11:     layout_rooms
D:12:     layout_irregular_city
D:13:     layout_roguey [special_room_bee], david_vaults_1, special_room
          [special_room_orc], ebering_ghost_disaster_area, kb_tengu_band
D:14:     layout_roguey, corexii_leaking_fountain, brannock_xom_greatest_gift
D:15:     grunt_enter_depths_magical_seal, layout_gridville, basic_altar,
          uniq_jorgrun
Temple:   nicolae_temple_ecumenical_triangle
Lair:1:   layout_misc_corridors, serial_bayou_shore_b
Lair:2:   layout_cave_shapes, dummy_spider_entry, gauntlet_entry_generic,
          nicolae_lair_lil_pond, disabler_island, grunt_megastairs_2,
          uniq_harold
Lair:3:   layout_gridlike, nicolae_swamp_entry_spooky, tgw_fedhas
Lair:4:   minmay_lair_oklob_tunnel, layout_misc_corridors,
          nicolae_lair_grove_arrangements
Lair:5:   grunt_lair_end_beastmaster, layout_small_grid, slime_entry_1,
          uniq_urug
Swamp:1:  layout_basic_swamp, gammafunk_ghost_mausoleum,
          hangedman_swamp_ruin_wall, swamp_pool3, nicolae_swamp_baby_hydras
Swamp:2:  layout_basic_swamp, evilmike_swamp_ruin_house_4
Swamp:3:  layout_basic_swamp, infiniplex_staircase_pool_2, swamp_pool4
Swamp:4:  swamp, layout_basic_swamp, gammafunk_ghost_hydra_chop,
          nicolae_swamp_nymph_family_reunion
Spider:1: layout_spider_delve, uniq_josephine
Spider:2: layout_spider_delve, hangedman_spider_tarantella_strand
Spider:3: layout_spider_delve, nicolae_spider_checkerboard, uniq_azrael
Spider:4: guppyfry_spider_rune, gammafunk_ghost_berserking_beasts
Orc:1:    layout_caves
Orc:2:    st_orc_mages, layout_caves, basic_altar, abandoned_shop, uniq_nessos,
          uniq_saint_roka
Elf:1:    eino_elf_arrival_the_gate, layout_geoelf_grid, trove_entry_hex_spiral,
          orc_legates, uniq_louise, uniq_agnes, uniq_roxanne
Elf:2:    nicolae_elf_blades_crystal_corner, layout_gridlike,
          guppyfry_library_mini
Elf:3:    elf_hall, layout_geoelf_octagon, serial_shops, nicolae_shop_trees
Vaults:1: nicolae_vaults_spaceships, nicolae_vaults_network_barrier,
          ontoclasm_vaults_ring_large, nicolae_vaults_asterisk,
          vaults_mumra_hex, vaults_room_door_ring, nicolae_vaults_house_3,
          nicolae_vaults_security_offices_5, ontoclasm_vaults_ligature,
          ontoclasm_vaults_loading_screen, nicolae_vaults_apartment_1,
          ontoclasm_vaults_idyll, layout_vaults_omnigrid
Vaults:2: portal_desolation_entry_twin_temple, v_misc_13,
          ontoclasm_vaults_loading_screen, vaults_room_door_ring,
          nicolae_vaults_offset_grid_hallway_3, grunt_vaults_bifocal,
          dpeg_vaults_monster_box, vaults_room_pools,
          minmay_crypt_entry_necro_gods, v_rooms_5, v_misc_13,
          layout_vaults_maze_snakey, serial_shops, nicolae_shop_real_fake_doors
Vaults:3: v_rooms_4, v_misc_4, nicolae_vaults_stairing_the_circle,
          v_alt_pattern_4, nicolae_vaults_door_testing_chamber,
          nicolae_vaults_big_angled_halls, nicolae_vaults_specimen_jars,
          nicolae_vaults_weapon_check, hangedman_vaults_corner,
          nicolae_vaults_angled_halls, nicolae_vaults_trapezoid_1,
          vaults_room_hallway, nicolae_vaults_variable_pillar_hall,
          layout_vaults_omnicross, uniq_mennas
Vaults:4: nicolae_vaults_border_crossing, hangedman_vaults_stretched_pinwheel,
          vaults_room_fancy_cross, nicolae_vaults_diamond_1,
          nicolae_vaults_closet_pinwheel_2, v_alt_pattern_6,
          nicolae_vaults_heart-shaped_vault, nicolae_vaults_heart-shaped_vault,
          layout_vaults_big_room, uniq_norris
Vaults:5: uniq_jory
Crypt:1:  layout_gridlike, minivault_19, grunt_crypt_arrival_split
Crypt:2:  layout_misc_corridors
Crypt:3:  due_elkab, layout_chaotic_city, nicolae_tomb_entry_rubble_hallway,
          uniq_zenata
Depths:1: mu_elephants_graveyard, layout_cave_pools, pan_entry,
          kennysheep_decorative_pillar, grunt_hell_entry_dis_grunt, abyss_entry,
          serial_rivers, chequers_serial_rivers_small_a,
          chequers_serial_rivers_micro_e, chequers_serial_rivers_marsh,
          chequers_serial_rivers_micro_a, chequers_serial_rivers_micro_a,
          chequers_serial_rivers_micro_e, kennysheep_nondescript, uniq_asterion,
          uniq_aizul

Skill      XL: |  1  2  3  4  5  6  7  8  9 10 11 12 13 14 15 16 17 18 19 20 21 22 23 24 |
---------------+-------------------------------------------------------------------------+-----
Transmutations | 1 2 5 6 |  6.0
Earth Magic    | 4 5 6 7 9 10 11 13 | 13.0
Spellcasting   | 3 4 5 6 7 9 10 11 | 11.0
Fighting       | 1 2 3 5 6 8 9 10 12 13 15 16 17 18 19 20 22 | 22.1
Conjurations   | 1 2 3 5 6 8 9 11 12 13 | 13.2
Shields        | 3 4 6 8 11 13 14 15 16 17 | 17.0
Armour         | 2 5 6 |  6.0
Dodging        | 2 4 5 6 |  6.0
Ice Magic      | 5 8 10 12 13 16 20 22 | 22.6
Fire Magic     | 1 12 16 18 | 18.0
Stealth        | |  2.1

Action                     |  1- 3 |  4- 6 |  7- 9 | 10-12 | 13-15 | 16-18 | 19-21 | 22-24 || total
---------------------------+-------+-------+-------+-------+-------+-------+-------+-------++-------
  Melee: Dagger            |       |     1 |     1 |    11 |   142 |     8 |    57 |       ||   220
         Whip              |       |       |       |    23 |       |       |       |       ||    23
         Staff             |       |       |       |       |     1 |     9 |    95 |   107 ||   212
   Cast: Sandblast         |    34 |    63 |   107 |   430 |   622 |   233 |   438 |   140 ||  2067
         Stone Arrow       |       |       |    10 |    75 |   202 |    26 |       |       ||   313
         Irradiate         |       |       |       |     2 |    46 |       |     1 |     5 ||    54
         Bombard           |       |       |       |       |     5 |   196 |   479 |   391 ||  1071
         Lee's Rapid Decon |       |       |       |       |       |   160 |   193 |   101 ||   454
         Ozocubu's Refrige |       |       |       |       |       |     4 |    36 |     2 ||    42
         Ignition          |       |       |       |       |       |       |    29 |   131 ||   160
         Polar Vortex      |       |       |       |       |       |       |       |     5 ||     5
  Evoke: Wand              |       |       |       |       |     3 |     8 |       |     2 ||    13
    Use: Scroll            |       |       |     3 |       |     9 |     8 |    16 |     8 ||    44
         Potion            |       |       |     1 |       |     1 |     1 |     5 |    21 ||    29
 Armour: Robe              |    10 |    11 |    27 |       |       |       |       |       ||    48
         Steam dragon scal |       |       |     4 |    57 |       |       |       |       ||    61
         Troll leather arm |       |       |       |   289 |   555 |   269 |   898 |   546 ||  2557
  Dodge: Dodged            |     4 |     7 |    23 |   261 |   330 |   109 |   522 |   231 ||  1487
  Block: Buckler           |       |       |     2 |    88 |     1 |       |       |       ||    91
         Kite shield       |       |       |       |       |   410 |   186 |   796 |   394 ||  1786

Table legend: (Time is in decaauts)
 A = Elapsed time spent in this place.
 B = Non-inter-level travel time spent in this place.
 C = Inter-level travel time spent in this place.
 D = Time resting spent in this place.
 E = Time spent auto-exploring this place.
 F = Levels seen in this place.
 G = Mean time per level.
                   A        B        C        D        E       F      G
               +--------+--------+--------+--------+--------+-----+--------+
         Total |  51487 |  47802 |   3685 |   2788 |  33330 |  47 | 1095.5 |
       Dungeon |  14538 |  13191 |   1347 |    604 |  10480 |  15 |  969.2 |
        Temple |     38 |      2 |     36 |      0 |      0 |   1 |   38.0 |
          Lair |   5653 |   4992 |    661 |    162 |   3338 |   5 | 1130.6 |
         Swamp |   4042 |   3789 |    253 |    209 |   2746 |   4 | 1010.5 |
   Spider Nest |   5669 |   5273 |    396 |    516 |   3181 |   4 | 1417.2 |
  Orcish Mines |   2392 |   2185 |    207 |    362 |   1073 |   2 | 1196.0 |
   Elven Halls |   4847 |   4614 |    233 |    117 |   3223 |   3 | 1615.7 |
        Vaults |   6127 |   5880 |    247 |    412 |   4335 |   5 | 1225.4 |
         Crypt |   5036 |   4765 |    271 |    330 |   3196 |   3 | 1678.7 |
        Depths |   1042 |   1009 |     33 |     73 |    556 |   1 | 1042.0 |
         Abyss |    320 |    320 |      0 |      0 |    146 |   1 |  320.0 |
         Sewer |    222 |    222 |      0 |      0 |    175 |   1 |  222.0 |
    Desolation |    916 |    916 |      0 |      2 |    543 |   1 |  916.0 |
      Gauntlet |    638 |    638 |      0 |      0 |    338 |   1 |  638.0 |
               +--------+--------+--------+--------+--------+-----+--------+

Top non-repeatable levels by time:
 Crypt:3: 2563 daAuts
   Elf:1: 1859 daAuts
Vaults:1: 1802 daAuts
     D:9: 1709 daAuts
Spider:3: 1676 daAuts
Spider:4: 1673 daAuts
    D:10: 1628 daAuts
   Elf:2: 1566 daAuts
Vaults:2: 1545 daAuts
   Elf:3: 1420 daAuts
  Lair:5: 1400 daAuts
Vaults:4: 1374 daAuts
 Swamp:4: 1368 daAuts
Spider:2: 1361 daAuts
 Crypt:1: 1345 daAuts
